 Dungeon Crawl Stone Soup version 0.31-a0-1068-g5939ac1fb6 (webtiles) character file.

Game seed: 9379740580687999638

4 Azuregosa the Sneak (level 1, 0/16 HPs)
             Began as an Octopode Delver on Nov 24, 2023.
             Slain by a hound (5 damage)
             ... on level 4 of the Dungeon.
             The game lasted 00:01:49 (86 turns).

Azuregosa the Sneak (Octopode Delver)                 Turns: 86, Time: 00:01:50

Health: 0/16       AC:  1    Str: 11    XL:     1   Next: 60%
Magic:  1/1        EV: 13    Int: 12    God:
Gold:   0          SH:  0    Dex: 13    Spells: 0/0 levels left

rFire   . . .        h - +2 shortbow (freeze)
rCold   . . .        (shield currently unavailable)
rNeg    . . .        (helmet restricted)
rPois   .            (no amulet)
rElec   .            (no ring)
rCorr   .            (no ring)
SInv    .            (no ring)
Will    .....        (no ring)
Stlth   ++++         (no ring)
HPRegen 0.22/turn    (no ring)
MPRegen 0.07/turn    (no ring)
                     (no ring)

%: no passive effects
@: no status effects
A: almost no armour, amphibious, 8 rings, camouflage 1, gelatinous body 1,
(nimble swimmer 1), tentacles
a: no special abilities


You were on level 4 of the Dungeon.
You visited 1 branch of the dungeon, and saw 2 of its levels.

Inventory:

Hand Weapons
 a - a +0 falchion
 h - a +2 shortbow of freezing (weapon)
Wands
 f - a wand of digging (3)
Scrolls
 b - a scroll of fog
 c - 2 scrolls of identify {unknown}
 d - a scroll of fear
 g - a scroll of amnesia {unknown}
Potions
 e - a potion of haste


   Skills:
 - Level 3.0 Fighting
 - Level 2.0 Long Blades
 - Level 2.0 Dodging
 + Level 6.9 Stealth


You couldn't memorise any spells.
You didn't know any spells.
Your spell library was empty.

Dungeon Overview and Level Annotations

Branches:
Dungeon (5/15)
 Temple: D:4-7

Altars:


Innate Abilities, Weirdness & Mutations

You cannot wear most types of armour.
You are amphibious.
You can wear up to eight rings at the same time.
Your skin changes colour to match your surroundings (Stealth+).
Your rubbery body absorbs attacks. (AC +1, EV +1)
((You are camouflaged when in or above water. (Stealth+)))
You have tentacles for arms and can constrict up to eight enemies at once.


Message History

The hound barks!
The goblin shouts!
The goblin hits you but does no damage. The goblin attacks as it pursues you!
The goblin closely misses you. The goblin hits you but does no damage.
You shoot an arrow. The arrow hits the goblin.
The arrow freezes the goblin.
The goblin is severely wounded.
You hear an angry hiss.
The goblin closely misses you.
A ball python comes into view.
You hear a shout!
You shoot an arrow. The arrow hits the goblin.
The arrow freezes the goblin.
You kill the goblin!
The hound closely misses you.
You shoot an arrow. The arrow misses the hound.
The arrow barely misses the ball python.
The hound bites you but does no damage. The hound closely misses you.
You shoot an arrow. The arrow barely misses the hound.
The arrow closely misses the ball python.
You hear a shout!
The hound closely misses you. The hound barely misses you.
You hear an angry hiss.
You shoot an arrow. The arrow barely misses the hound.
The arrow closely misses the ball python.
The hound barely misses you. The hound bites you. The hound barely misses you.
A kobold comes into view. It is wielding a +0 dagger.
You shoot an arrow. The arrow hits the hound.
The arrow freezes the hound.
The hound is lightly wounded.
The hound bites you. The hound misses you.
You shoot an arrow. The arrow hits the hound.
The arrow freezes the hound.
The hound is heavily wounded.
The hound barely misses you. The hound bites you.
You shoot an arrow. The arrow hits the hound.
The arrow freezes the hound.
The hound is severely wounded.
The hound bites you. x2
You shoot an arrow. The arrow barely misses the hound.
The arrow hits the ball python.
The ball python seems to slow down.
The arrow freezes the ball python.
You kill the ball python!
The hound bites you.
You die...

#.....[..#
#........#
#........#
#........#
#........###
####........
#>.......
#.#######
#†h@.# #.##.#
#.#..######.#
#...........#
###.#########
..... ###.###
..# ###


You could see a hound.

Vanquished Creatures
  A dart slug (D:5)
  A ball python (D:4)
  A goblin (D:4)
3 creatures vanquished.

Notes
Turn   | Place    | Note
-------+----------+-------------------------------------------
     0 | D:5      | Azuregosa the Octopode Delver began the quest for the Orb.
     0 | D:5      | Reached XP level 1. HP: 16/16 MP: 1/1
    68 | D:4      | Noticed a hound
    86 | D:4      | Slain by a hound

Illustrated notes

Levels and vault maps discovered:
D:4:      layout_basic, good_gods_temple_1, general_overflow_altar,
          led_xom_imps, minmay_bent
D:5:      layout_gridville, uniq_crazy_yiuf_cottage

Action                     || total
---------------------------++-------
  Melee: Falchion          ||     2
         Constrict         ||     1
         Tentacles         ||     1
   Fire: Shortbow          ||     9
    Use: Scroll            ||     1
   Stab: Sleeping          ||     1
 Armour: Skin              ||     9
  Dodge: Dodged            ||    11

Table legend: (Time is in decaauts)
 A = Elapsed time spent in this place.
 B = Non-inter-level travel time spent in this place.
 C = Inter-level travel time spent in this place.
 D = Time resting spent in this place.
 E = Time spent auto-exploring this place.
 F = Levels seen in this place.
 G = Mean time per level.
                   A        B        C        D        E       F      G
               +--------+--------+--------+--------+--------+-----+--------+
         Total |     88 |     88 |      0 |      0 |      4 |   2 |   44.0 |
       Dungeon |     88 |     88 |      0 |      0 |      4 |   2 |   44.0 |
               +--------+--------+--------+--------+--------+-----+--------+

Top non-repeatable levels by time:
     D:5: 57 daAuts
     D:4: 30 daAuts
